 Dungeon Crawl Stone Soup version 0.29.1-2-gbd0b4ee654 (webtiles) character file.

Game seed: 16155451054495694468

4815 hawla the Frost Mage (level 11, -10/82 HPs)
             Began as a Meteoran Ice Elementalist on Nov 29, 2022.
             Was a Believer of Vehumet.
             Mangled by a rakshasa
             ... wielding a +0 trident
              (15 damage)
             ... on level 8 of the Dungeon.
             The game lasted 00:35:32 (4626 turns).

hawla the Frost Mage (Meteoran Ice Elementalist)    Turns: 4626, Time: 00:35:33

Health: -10/82     AC:  4    Str: 14    XL:     11   Next: 5%
Magic:  21/26      EV: 14    Int: 21    God:    Vehumet [**....]
Gold:   392        SH:  0    Dex: 13    Spells: 12/30 levels left

rFire   . . .      SeeInvis .   n - +0 quarterstaff
rCold   . . .      Faith    .   (shield currently unavailable)
rNeg    . . .      Spirit   .   a - +1 robe
rPois   +          Reflect  .   (no helmet)
rElec   .          Harm     .   (no cloak)
rCorr   .          Rampage  .   (no gloves)
Will    ++...      Clarity  +   w - +0 pair of boots
Stlth   +.........              (no amulet)
HPRegen 0.23/turn               h - ring of poison resistance
MPRegen 0.20/turn               p - ring of willpower

@: confused, about to teleport, ambrosia-drunk, freezing walls, glowing
A: sense surroundings 2, otherworldly, glowing, explore regen, clarity, strong
1, MP-powered wands
a: Renounce Religion


You were on level 8 of the Dungeon.
You worshipped Vehumet.
Vehumet was pleased with you.
You visited 2 branches of the dungeon, and saw 9 of its levels.
You also visited: Ossuary.

You collected 392 gold pieces.

Inventory:

Hand Weapons
 n - a +0 quarterstaff (weapon)
Armour
 a - a +1 robe (worn)
 w - a +0 pair of boots (worn)
Magical Staves
 k - a staff of poison
Jewellery
 h - a ring of poison resistance (left hand)
 p - a ring of willpower (right hand)
Wands
 i - a wand of paralysis (8)
Scrolls
 d - a scroll of acquirement
 l - a scroll of magic mapping
 o - a scroll of brand weapon {unknown}
 q - a scroll of teleportation
 t - a scroll of butterflies {unknown}
 v - a scroll of amnesia {unknown}
Potions
 b - a potion of ambrosia
 c - 2 potions of haste
 e - a potion of lignification
 f - a potion of might
 g - 4 potions of attraction
 m - 2 potions of flight


   Skills:
 + Level 3.0 Fighting
 + Level 2.8 Staves
 + Level 6.0 Dodging
 - Level 1.4 Stealth
 + Level 10.0 Spellcasting
 + Level 7.7 Conjurations
 + Level 1.2 Translocations
 + Level 0.3 Transmutations
 + Level 10.3 Ice Magic
 + Level 0.3 Earth Magic
 + Level 2.0 Poison Magic
 + Level 2.1 Evocations


You had 12 spell levels left.
You knew the following spells:

 Your Spells              Type           Power      Damage    Failure   Level
a - Freeze                Ice            100%       1d11      1%          1
b - Frozen Ramparts       Ice            100%       1d16      1%          3
c - Apportation           Tloc           30%        N/A       3%          1
d - Passwall              Tmut/Erth      10%        N/A       9%          2
e - Hailstorm             Conj/Ice       48%        3d11      1%          4
f - Blink                 Tloc           30%        N/A       6%          2
g - Stone Arrow           Conj/Erth      54%        3d10      3%          3
h - Searing Ray           Conj           86%        2d7       1%          2

Your spell library contained the following spells:

 Spells                   Type           Power      Damage    Failure   Level
 Magic Dart               Conj           100%       1d8       1%          1
 Ozocubu's Armour         Ice            52%        N/A       1%          3
 Sandblast                Erth           24%        2d8       5%          1
 Necrotise                Necr           40%        1d6       6%          1
 Summon Small Mammal      Summ           40%        N/A       6%          1
 Lesser Beckoning         Tloc           15%        N/A       12%         3
 Fulminant Prism          Conj/Hex       13%        3d9       13%         4
 Cause Fear               Hex            5%         N/A       54%         4
 Manifold Assault         Tloc           15%        N/A       71%         5
 Alistair's Intoxication  Tmut/Pois      10%        N/A       73%         5
 Dragon Form              Tmut           6%         N/A       100%        7
 Dragon's Call            Summ           5%         N/A       100%        9


Dungeon Overview and Level Annotations

Branches:
Dungeon (8/15) Zot: 719    Temple (1/1) D:5 Zot: 572 Ossuary (visited)
   Lair: D:8-11

Altars:
Ashenzari
Dithmenos
Elyvilon
Fedhas
Gozag
Hepliaklqana
Nemelex Xobeh
Okawaru
Ru
Trog
Vehumet
Wu Jian
Xom
Yredelemnul

Annotations:
Temple 2 transporters


Innate Abilities, Weirdness & Mutations

You passively map the area around you.
You are easily found by Zot.
You glow in the dark.
You regain HP and MP as you explore.
You possess an exceptional clarity of mind.
Your muscles are strong. (Str +4, Int/Dex -1)
You expend magic power (3 MP) to strengthen your wands.


Message History

You cannot sustain more frozen ramparts right now.
Casting: Frozen Ramparts (safe; 1% risk of failure)
Confirm with . or Enter, or press ? or * to list all spells.
Aiming: Searing Ray (safe; 1% risk of failure)
Press: ? - help, Shift-Dir - straight line, f - rakshasa
Aim: a rakshasa, wielding a +0 trident and wearing a +0 robe (lightly wounded, 73% to hit)
The searing ray hits the water moccasin!
The water moccasin is almost dead.
The searing ray hits the rakshasa.
The rakshasa is lightly wounded. (Press . to maintain the ray.)
The wall freezes the water moccasin.
You kill the water moccasin!
Vehumet accepts your kill.
You feel your power returning.
The wall freezes the rakshasa but does no damage.
The rakshasa hits you from afar with a +0 trident!!
The wall freezes the wyvern.
As you read the scroll of teleportation, it crumbles to dust.
You feel strangely unstable.
The wall freezes the wyvern.
The wyvern misses you.
The wall freezes the rakshasa!
The rakshasa barely misses you.
The wall freezes the wyvern.
The wyvern bites you!
* * * LOW HITPOINT WARNING * * *
As you read the scroll of fear, it crumbles to dust.
You assume a fearsome visage.
The rakshasa easily resists.
The ice beast looks frightened!
The wyvern looks frightened!
The wall freezes the rakshasa.
The rakshasa hits you from afar with a +0 trident!!
* * * LOW HITPOINT WARNING * * *
The ice beast completely resists.
The wall freezes the ice beast but does no damage.
The wall freezes the wyvern.
Your attack snaps the wyvern out of its fear.
The wyvern barely misses you.
You are confused.
You feel invigorated.
The wall freezes the wyvern!
The wyvern closely misses you.
The wall freezes the rakshasa.
The rakshasa hits you from afar with a +0 trident!
You die...

###.........# * #....######
#.################# ####. #
#.................. , ., #
#######.†............ * ** #
........####.....####.## * * ,
. ######..# ##...##..#.. .....
,, #..# ##.##...#.#.# *#....
#..#..##, #.#...##.#.# +....
...#...## +#.#@)##..#.###.#....
#
#..#....###.Rl###...#.....#....
..#..#........8..........#
*#....
#.#..#....###.Y.###......#
#.... .....#...##.'#.#+
##.....# #.... #<#..#..##...#.#
,##....## ###+#
........#...##.## #.....# #.#
####.#..#[.##...## #.....# #.#
........####.....####.....# #.#


You could see a rakshasa, a wyvern and an ice beast (fleeing).

Vanquished Creatures
  A two-headed ogre (D:8)
  11 yaks (D:8)
  A steam dragon (D:8)
  A basilisk (D:8)
  An acid dragon (D:8)
  A water moccasin (D:8)
  A black bear (D:6)
  An ice beast (D:8)
  2 centaurs
  2 kobold brigands
  3 bullfrogs
  Blork the orc (D:6)
  A necrophage (D:5)
  A gnoll sergeant (D:6)
  5 scorpions
  2 wights (D:7)
  3 howler monkeys (D:8)
  3 jellies
  2 hounds
  3 orc priests
  A gnoll bouda (D:6)
  Jessica (D:2)
  2 iguanas
  An orc wizard (D:3)
  12 mummies
  9 gnolls (D:6)
  7 adders
  A shadow imp (D:7)
  3 white imps
  3 ufetubi
  A dart slug (D:1)
  15 orcs
  A bat (D:1)
  11 endoplasms
  A giant cockroach (D:2)
  7 goblins
  7 hobgoblins
  12 kobolds
  2 quokkas
  6 ball pythons
  A frilled lizard (D:2)
  2 gnoll skeletons (Ossuary)
  5 goblin skeletons (Ossuary)
  A rat (D:1)
  11 rat skeletons (Ossuary)
169 creatures vanquished.

Vanquished Creatures (others)
  8 plants (D:6)
8 creatures vanquished.

Grand Total: 177 creatures vanquished

Notes
Turn   | Place    | Note
-------+----------+-------------------------------------------
     0 | D:1      | hawla the Meteoran Ice Elementalist began the quest for the
                  | Orb.
     0 | D:1      | Reached XP level 1. HP: 14/14 MP: 5/5
    46 | D:1      | Reached XP level 2. HP: 20/20 MP: 2/6
   102 | D:1      | Reached skill level 5 in Ice Magic
   163 | D:1      | Reached XP level 3. HP: 26/26 MP: 5/8
   424 | D:1      | Learned a level 3 spell: Frozen Ramparts
   500 | D:1      | Glimpsed the power of Zot.
   599 | D:2      | Reached XP level 4. HP: 33/33 MP: 4/9
   708 | D:2      | Found a broken altar of Ashenzari.
   708 | D:2      | Noticed Jessica
   712 | D:2      | Killed Jessica
   713 | D:2      | Reached skill level 1 in Poison Magic
   713 | D:2      | Reached skill level 1 in Evocations
   784 | D:2      | Reached XP level 5. HP: 33/38 MP: 10/10
   880 | D:3      | Learned a level 1 spell: Apportation
   996 | D:3      | Found a sparkling altar of Nemelex Xobeh.
  1197 | D:3      | Found a faded altar of an unknown god.
  1692 | D:3      | Glimpsed the power of Zot.
  1810 | D:4      | Reached XP level 6. HP: 35/46 MP: 6/13
  1893 | D:4      | Reached skill level 1 in Staves
  1957 | D:5      | Entered Level 5 of the Dungeon
  2054 | D:5      | Reached XP level 7. HP: 15/47 MP: 10/15
  2074 | D:5      | Reached skill level 5 in Spellcasting
  2191 | D:5      | Found a staircase to the Ecumenical Temple.
  2196 | Temple   | Entered the Ecumenical Temple
  2196 | Temple   | Found a transporter.
  2196 | Temple   | Found a transporter.
  2198 | Temple   | Found a transporter.
  2198 | Temple   | Found a transporter.
  2209 | Temple   | Became a worshipper of Vehumet
  2373 | D:5      | Found a sand-covered staircase.
  2391 | Ossuary  | Entered an ossuary
  2395 | Ossuary  | Learned a level 2 spell: Passwall
  2405 | Ossuary  | Reached skill level 1 in Fighting
  2455 | Ossuary  | Learned a level 4 spell: Hailstorm
  2771 | Ossuary  | Reached * piety under Vehumet
  2771 | Ossuary  | Offered knowledge of Shock by Vehumet.
  2809 | Ossuary  | Reached XP level 8. HP: 28/59 MP: 17/17
  2818 | Ossuary  | Reached skill level 1 in Conjurations
  2865 | Ossuary  | Glimpsed the power of Zot.
  2986 | D:6      | Noticed Blork the orc
  2995 | D:6      | Killed Blork the orc
  3030 | D:6      | Reached skill level 5 in Conjurations
  3101 | D:6      | Found a hazy altar of Hepliaklqana.
  3129 | D:6      | Gained mutation: You have hidden genetic potential. [potion
                  | of mutation]
  3129 | D:6      | Gained mutation: You expend magic power (3 MP) to
                  | strengthen your wands. [potion of mutation]
  3235 | D:6      | Gained mutation: You passively map the area around you.
                  | [Meteoran growth]
  3235 | D:6      | Reached XP level 9. HP: 59/64 MP: 14/18
  3544 | D:7      | Offered knowledge of Magic Dart by Vehumet.
  3620 | D:7      | Reached ** piety under Vehumet
  3838 | D:8      | Gained mutation: You possess an exceptional clarity of
                  | mind. [hidden potential]
  4064 | D:8      | Reached skill level 5 in Dodging
  4116 | D:8      | Reached XP level 10. HP: 46/74 MP: 10/22
  4119 | D:8      | Reached skill level 1 in Translocations
  4239 | D:8      | Gained mutation: Your muscles are strong. (Str +4, Int/Dex
                  | -1) [hidden potential]
  4239 | D:8      | Lost mutation: You have hidden genetic potential. [hidden
                  | potential expressed]
  4255 | D:8      | Noticed a two-headed ogre
  4260 | D:8      | Killed a two-headed ogre
  4279 | D:8      | Learned a level 2 spell: Blink
  4324 | D:8      | Reached skill level 10 in Ice Magic
  4418 | D:8      | Learned a level 3 spell: Stone Arrow
  4533 | D:8      | Reached XP level 11. HP: 49/82 MP: 13/25
  4539 | D:8      | Identified 2 scrolls of acquirement
  4539 | D:8      | Acquired a book of Conjurations
  4544 | D:8      | Learned a level 2 spell: Searing Ray
  4618 | D:8      | Reached skill level 10 in Spellcasting
  4621 | D:8      | Noticed a rakshasa
  4625 | D:8      | HP: 2/82 [rakshasa/+0 trident (19)]
  4626 | D:8      | Mangled by a rakshasa

Illustrated notes

Levels and vault maps discovered:
D:1:      grunt_arrival_crossed_arrows, layout_rooms
D:2:      layout_basic, basic_altar, uniq_jessica
D:3:      layout_loops_corners, nemelex_xobeh_ov_fountains_minmay,
          hellmonk_ecumenical_altar_zigzags, hex_tiny, grunt_ministairs_12
D:4:      layout_layer_cave, lemuel_tele_altar,
          mainiacjoe_overflow_tiny_flanked, old_standard_altar,
          mainiacjoe_overflow_brackets, uniq_pikel
D:5:      layout_cave_pools, minmay_temple_entry_arrows,
          gup_ossuary_entry_pyramid, nicolae_underground_beach
D:6:      layout_rooms, nicolae_hepliaklqana_hazy_memory,
          kennysheep_small_circle, uniq_blork_the_orc
D:7:      layout_cave_pods, minmay_curled_crystal, amethyst_killhole
D:8:      cheibrodos_barr_body, layout_basic
Temple:   hellmonk_temple_divided_pantheon

Skill      XL: |  1  2  3  4  5  6  7  8  9 10 11 |
---------------+----------------------------------+-----
Ice Magic      | 5 6 7 8 10 | 10.3
Spellcasting   | 3 4 5 7 9 10 | 10.0
Poison Magic   | 1 2 |  2.0
Evocations     | 1 2 |  2.1
Staves         | 1 2 |  2.8
Dodging        | 3 5 6 |  6.0
Fighting       | 1 2 3 |  3.0
Conjurations   | 6 7 |  7.7
Translocations | 1 |  1.2
Stealth        | |  1.4
Transmutations | |  0.3
Earth Magic    | |  0.3

Action                   |  1- 3 |  4- 6 |  7- 9 | 10-12 || total
-------------------------+-------+-------+-------+-------++-------
Melee: Unarmed           |     2 |       |       |       ||     2
       Staff             |     3 |    67 |   208 |    12 ||   290
       Punch             |       |     1 |     6 |       ||     7
 Cast: Freeze            |    44 |    18 |    45 |    10 ||   117
       Frozen Ramparts   |     2 |    10 |    37 |     8 ||    57
       Apportation       |       |     5 |     5 |     1 ||    11
       Hailstorm         |       |       |    20 |    16 ||    36
       Passwall          |       |       |     1 |     1 ||     2
       Blink             |       |       |       |     2 ||     2
       Searing Ray       |       |       |       |     3 ||     3
       Stone Arrow       |       |       |       |     1 ||     1
Evoke: Wand              |       |       |    16 |       ||    16
  Use: Scroll            |       |    10 |    11 |     3 ||    24
       Potion            |       |       |    11 |     2 ||    13
Armor: Robe              |    10 |    13 |    58 |     2 ||    83
       Skin              |       |       |    29 |       ||    29
Dodge: Dodged            |    23 |    46 |   155 |    18 ||   242
